 Dungeon Sprint DCSS version 0.21.1-1-g345015f (webtiles) character file.

1253 wilfster70 the Carver (level 8, -10/70 HPs)
             Began as a Demonspawn Berserker on June 21, 2018.
             Was a Priest of Trog.
             Mangled by a deep troll (11 damage)
             ... in the Dungeon (Sprint I: "Red Sonja").
             The game lasted 00:02:25 (702 turns).

wilfster70 the Carver (Demonspawn Berserker)         Turns: 702, Time: 00:02:25

Health: -10/70     AC:  4    Str: 18    XL:     8   Next: 26%
Magic:  8/8        EV: 17    Int:  8    God:    Trog [***...]
Gold:   315        SH:  4    Dex: 15    Spells: 7/7 levels left

rFire    . . .     SeeInvis .   a - +0 falchion
rCold    . . .     Gourm    .   (no shield)
rNeg     . . .     Faith    .   k - +0 leather armour
rPois    .         Spirit   .   (no helmet)
rElec    .         Reflect  .   (no cloak)
rCorr    .         Harm     .   (no gloves)
MR       ++...     NoTele   +   (boots unavailable)
Stlth    +.........             (no amulet)
HPRegen  1.21/turn              (no ring)
MPRegen  0.11/turn              (no ring)

@: lethally poisoned (-10 -> -39), regenerating, slowed, very slow
A: talons 3, large bone plates 1, spiny 1
a: Berserk, Trog's Hand, Burn Spellbooks, Renounce Religion


You were in the Dungeon.
You worshipped Trog.
Trog was most pleased with you.
You were near starving.

You visited 1 branch You collected 315 gold pieces.

Inventory:

Hand Weapons
 a - a +0 falchion (weapon)
Armour
 k - a +0 leather armour (worn)
Wands
 j - a wand of polymorph (10)
Scrolls
 i - a scroll of blinking
Potions
 d - a potion of curing
 e - a potion of heal wounds
 f - a potion of haste
 g - 2 potions of magic
 h - a potion of berserk rage
 l - a potion of flight {unknown}
Comestibles
 c - a ration


   Skills:
 + Level 8.8 Fighting
 * Level 10.9 Long Blades
 + Level 7.7 Armour
 + Level 7.8 Dodging


You had 7 spell levels left.
You didn't know any spells.

Dungeon Overview and Level Annotations

Branches:
Dungeon (1/1)

Altars:
Cheibriados
Dithmenos
Elyvilon
Fedhas
Gozag
Hepliaklqana
Kikubaaqudgha
Makhleb
Nemelex Xobeh
Okawaru
Qazlal
Ru
Sif Muna
Trog
Uskayaw
Vehumet
Wu Jian
Xom
Yredelemnul
Zin
The Shining One
Jiyva
Lugonu

Shops:
D (

Annotations:
D Sonja


Innate Abilities, Weirdness & Mutations

You have claws for feet.
You are partially covered in large bone plates. (SH +4)
You are partially covered in sharp spines.


Message History

It begins to drip with poison!
You block Sonja's attack. Sonja barely misses you.
Sonja hits you with an uncursed short sword of venom.
You are more poisoned.
You feel very sick. Sonja hits you but does no damage.
You are more poisoned.
Sonja barely misses you. You block Sonja's attack.
Sonja zaps a wand.
You resist with almost no effort.
You feel extremely sick. You block Sonja's attack.
Sonja hits you with an uncursed short sword of venom. x2
You are more poisoned.
The deep troll closely misses you. The deep troll barely misses you.
The deep troll claws you!
* * * LOW HITPOINT WARNING * * *
Sonja zaps a wand.
You resist with almost no effort. The deep troll bites you!
* * * LOW HITPOINT WARNING * * *
The deep troll misses you. The deep troll claws you!
You die...

###################
#<.#..)..#..')(#§_#
#..'[.#..')(#..'§.+
#..#####'#####'#__#
#..####..#...#)####§§
#..#__####..##§#§§≈§.#
#..#_____##'#K.'§≈§§
#⌠⌠#_.∩...'T@.§#≈§§§§#
####_..__##_§#'##'####
#_____###'#.# .[$
####### #.### ### $..
... ##.# #'#


You could see a deep troll and Sonja.

Vanquished Creatures
  A centaur warrior (D)
  A slime creature (D)
  Sigmund (D)
  A yak (D)
  An ogre (D)
  A jelly (D)
  Ijyb (D)
7 creatures vanquished.

Vanquished Creatures (others)
  A gargoyle (D)
  2 ballistomycetes (D)
  2 ballistomycete spores (D)
5 creatures vanquished.

Grand Total: 12 creatures vanquished

Notes
Turn   | Place    | Note
-------+----------+-------------------------------------------
     0 | D        | wilfster70 the Demonspawn Berserker began the quest for the Orb.
     0 | D        | Reached XP level 1. HP: 18/18 MP: 1/1
     1 | D        | Noticed Ijyb
    12 | D        | Killed Ijyb
    12 | D        | Reached skill level 4 in Long Blades
    12 | D        | Gained mutation: You are partially covered in sharp spines. [demonic ancestry]
    12 | D        | Reached XP level 2. HP: 25/25 MP: 2/2
    12 | D        | Gained mutation: You have sharp toenails. [demonic ancestry]
    12 | D        | Reached XP level 3. HP: 30/30 MP: 3/3
    76 | D        | Noticed an ogre
    78 | D        | Killed an ogre
    78 | D        | Reached skill level 5 in Fighting
    78 | D        | Reached skill level 6 in Long Blades
    78 | D        | Reached XP level 4. HP: 39/39 MP: 4/4
    98 | D        | Killed a gargoyle
   114 | D        | Noticed Sigmund
   119 | D        | Killed Sigmund
   119 | D        | Reached ** piety under Trog
   119 | D        | Reached skill level 7 in Long Blades
   119 | D        | Reached skill level 5 in Armour
   119 | D        | Reached skill level 5 in Dodging
   119 | D        | Reached XP level 5. HP: 46/46 MP: 5/5
   119 | D        | Gained mutation: You have razor-sharp toenails. [demonic ancestry]
   119 | D        | Reached XP level 6. HP: 52/52 MP: 6/6
   159 | D        | Found a deep blue altar of Sif Muna.
   160 | D        | Found an ornate altar of the Wu Jian Council.
   161 | D        | Found a radiant altar of Vehumet.
   164 | D        | Found a burning altar of Makhleb.
   164 | D        | Found a viscous altar of Jiyva.
   164 | D        | Found a shimmering altar of Xom.
   164 | D        | Found a corrupted altar of Lugonu.
   164 | D        | Noticed a slime creature
   172 | D        | Killed a slime creature
   172 | D        | Reached skill level 9 in Long Blades
   293 | D        | Found Betesonk's Antique Weapon Emporium.
   293 | D        | Found an ancient bone altar of Kikubaaqudgha.
   293 | D        | Found a hazy altar of Hepliaklqana.
   293 | D        | Found a hide-covered altar of Uskayaw.
   293 | D        | Found a basalt altar of Yredelemnul.
   293 | D        | Found an opulent altar of Gozag.
   293 | D        | Found a snail-covered altar of Cheibriados.
   293 | D        | Found a sacrificial altar of Ru.
   293 | D        | Found a shadowy altar of Dithmenos.
   293 | D        | Noticed a yak
   294 | D        | Found a stormy altar of Qazlal.
   294 | D        | Found a blossoming altar of Fedhas.
   294 | D        | Found a bloodstained altar of Trog.
   294 | D        | Found an iron altar of Okawaru.
   294 | D        | Found a glowing golden altar of the Shining One.
   294 | D        | Found a glowing silver altar of Zin.
   294 | D        | Found a white marble altar of Elyvilon.
   299 | D        | Killed a yak
   299 | D        | Reached *** piety under Trog
   299 | D        | Gained mutation: You have claws for feet. [demonic ancestry]
   299 | D        | Reached XP level 7. HP: 27/61 MP: 7/7
   300 | D        | Found a sparkling altar of Nemelex Xobeh.
   470 | D        | Noticed a centaur warrior
   470 | D        | Noticed a centaur warrior
   487 | D        | Killed a centaur warrior
   487 | D        | Reached skill level 10 in Long Blades
   487 | D        | Gained mutation: You are partially covered in large bone plates. (SH +4) [demonic ancestry]
   487 | D        | Reached XP level 8. HP: 41/70 MP: 8/8
   682 | D        | Noticed Sonja
   700 | D        | Noticed a deep troll
   702 | D        | HP: 1/70 [deep troll (17)]
   702 | D        | Mangled by a deep troll

Skill      XL: |  1  2  3  4  5  6  7 |
---------------+----------------------+-----
Fighting       | 4 5 6 7 8 |  8.8
Long Blades    | 4 6 7 9 10 | 10.9
Armour         | 2 4 5 6 7 |  7.7
Dodging        | 3 4 5 6 7 |  7.8

Action                   |  1- 3 |  4- 6 |  7- 9 || total
-------------------------+-------+-------+-------++-------
Melee: Falchion          |     9 |    14 |     9 ||    32
       Unarmed           |     1 |       |       ||     1
       Kick              |     2 |     8 |     1 ||    11
Invok: Berserk           |     2 |     2 |     1 ||     5
       Trog's Hand       |       |       |     1 ||     1
  Eat: Chunk             |       |     1 |     1 ||     2
Armor: Leather armour    |       |       |     5 ||     5
Dodge: Dodged            |     6 |     4 |    12 ||    22
Block: Other             |       |       |     4 ||     4
       Rpst.: Falchion   |     2 |     2 |     1 ||     5
